AoeStats
← AxingQuestions

Arabia

506462169Analyzed
1v1 RM · 18d ago on Sep 13, 2026· 47m 29s· 2 players
Game mode
Random Map
Map size
Tiny (2 player)
Population
200
Speed
Normal
Resources
Standard
Victory
Conquest
Starting age
Dark Age
Ending age
Imperial Age
RankedLock teamsTeams togetherTeam positionsShared explorationLock speedFull tech treeHidden civsTurbo modeCheats
Victory
Defeat
🇺🇸 Koreans · United States
1233
+18
🇨🇿 Saracens · Czechia
1272
-18
AxingQuestions
8:11 Loom
10:15 Feudal Age
11:04 Double-Bit Axe
12:30 Horse Collar
17:51 Wheelbarrow
18:31 Town Watch
22:25 Castle Age
20:59 Gold Mining
23:16 Scale Barding Armor
23:21 Forging
23:27 Bow Saw
23:47 Heavy Plow
27:50 Gold Shaft Mining
28:01 Scale Mail Armor
28:35 Squires
32:18 Hand Cart
35:11 Chain Mail Armor
35:33 Iron Casting
36:25 Town Patrol
37:09 Fletching
37:53 Bodkin Arrow
39:19 Ballistics
38:56 Murder Holes
41:55 Imperial Age
40:16 Crossbowman
41:01 Thumb Ring
41:14 Treadmill Crane
41:46 Masonry
41:33 Arson
42:09 Arbalester
43:13 Conscription
42:18 Elite Fire Lancer
43:01 Bracer
44:03 Chemistry
43:34 Architecture
43:23 Capped Ram
45:16 Two-Man Saw
DeathToTheGlory
0:26 Loom
7:14 Loom
9:10 Feudal Age
11:28 Double-Bit Axe
14:36 Wheelbarrow
20:33 Horse Collar
20:50 Gold Mining
23:41 Castle Age
23:47 Scale Barding Armor
27:14 Chain Barding Armor
28:17 Bloodlines
33:28 Bow Saw
32:43 Crossbowman
33:15 Fletching
34:35 Padded Archer Armor
35:07 Town Watch
35:44 Hand Cart
36:37 Husbandry
39:26 Gold Shaft Mining
43:46 Imperial Age
43:07 Bodkin Arrow
44:19 Ballistics
43:29 Light Cavalry
44:29 Bracer
43:52 Arbalester
44:54 Capped Ram
Connection lost

Rejoining the realm…

Still unreachable

The connection could not be restored.

Session expired

The server has moved on; the page needs a fresh start.